Map: [ESL] Cosmic Sapphire

Players

Strange

  • Race: Protoss Protoss
  • Spawn Location: 11:00

Elazer - Winner!

  • Race: Zerg Zerg
  • Spawn Location: 5:00

Event: DreamHack SC2 Masters 2022 Atlanta (Online)

VOD

Have the link to the VOD?

Description

Time

  • Played on: Oct. 5, 2022, 11:47 a.m.
  • Length: 9:34

All games in this series

Show
View Real Time Build Order
Export as new Build Order

Strange Protoss 

Build Orders: 1 Gate Expand, Double Forge, Zealot Archon, Dark Templar Rush 

Get SALT Encoding   

  12  0:00  Probe  
  13  0:12  Probe  
  14  0:20  Pylon  
  14  0:24  Probe  
  15  0:38  Probe (Chrono Boost)  
  15  0:40  Gateway  
  16  0:47  Probe (Chrono Boost), Assimilator  
  17  0:52  Probe  
  18  1:04  Probe  
  19  1:16  Probe  
  20  1:23  Nexus  
  20  1:32  Cybernetics Core  
  20  1:35  Probe  
  21  1:41  Assimilator  
  21  1:47  Probe  
  21  1:50  Pylon  
  22  1:59  Probe (Chrono Boost)  
  23  2:08  Adept, Warp Gate  
  25  2:11  Probe (Chrono Boost)  
  26  2:19  Probe (Chrono Boost)  
  26  2:20  Twilight Council  
  27  2:26  Probe (Chrono Boost)  
  29  2:37  Probe (Chrono Boost)  
  29  2:39  Probe (Chrono Boost)  
  29  2:40  Stalker  
  33  2:46  Probe x2 (Chrono Boost)  
  34  2:51  Probe (Chrono Boost)  
  34  2:52  Probe  
  34  2:56  Dark Shrine  
  36  3:05  Gateway  
  36  3:11  Gateway  
  36  3:12  Probe (Chrono Boost)  
  37  3:13  Probe (Chrono Boost)  
  37  3:17  Adept  
  40  3:25  Probe (Chrono Boost)  
  42  3:27  Pylon  
  42  3:30  Probe (Chrono Boost)  
  42  3:32  Probe (Chrono Boost)  
  43  3:36  Probe (Chrono Boost)  
  43  3:39  Probe  
  45  3:42  Pylon  
  45  3:50  Nexus  
  45  3:55  Probe x2  
  47  4:09  Dark Templar x2  
  51  4:10  Dark Templar  
  51  4:12  Probe (Chrono Boost)  
  51  4:14  Probe (Chrono Boost), Pylon  
  55  4:21  Assimilator  
  55  4:22  Assimilator  
  56  4:24  Probe (Chrono Boost)  
  56  4:26  Probe (Chrono Boost)  
  57  4:31  Probe (Chrono Boost)  
  57  4:32  Probe (Chrono Boost)  
  57  4:35  Forge  
  57  4:38  Forge, Probe  
  55  4:40  Probe  
  57  4:48  Blink (Chrono Boost)  
  57  4:50  Probe  
  59  4:52  Probe (Chrono Boost)  
  57  5:03  Probe (Chrono Boost)  
  57  5:06  Sentry  
  62  5:07  Stalker  
  62  5:08  Zealot, Probe (Chrono Boost)  
  62  5:10  Probe (Chrono Boost)  
  62  5:13  Probe (Chrono Boost)  
  62  5:14  Shield Battery  
  67  5:16  Probe (Chrono Boost)  
  67  5:17  Probe (Chrono Boost)  
  67  5:18  Probe (Chrono Boost)  
  67  5:19  Shield Battery  
  70  5:27  Protoss Ground Weapons Level 1 (Chrono Boost), Probe  
  67  5:29  Zealot, Probe  
  67  5:30  Probe, Protoss Ground Armor Level 1 (Chrono Boost)  
  67  5:31  Zealot  
  68  5:39  Probe  
  68  5:40  Dark Templar  
  68  5:41  Probe (Chrono Boost)  
  68  5:42  Probe (Chrono Boost)  
  69  5:44  Shield Battery  
  64  5:54  Probe (Chrono Boost)  
  65  5:57  Probe (Chrono Boost)  
  65  5:58  Gateway  
  65  5:59  Probe (Chrono Boost)  
  65  6:00  Gateway, Stalker  
  65  6:01  Probe (Chrono Boost)  
  65  6:03  Gateway  
  69  6:04  Probe (Chrono Boost)  
  69  6:05  Dark Templar, Probe (Chrono Boost)  
  69  6:08  Shield Battery, Probe  
  73  6:12  Pylon  
  73  6:13  Adept  
  73  6:15  Probe  
  73  6:17  Probe  
  77  6:20  Probe  
  77  6:24  Dark Templar  
  77  6:27  Probe  
  77  6:29  Probe  
  70  6:32  Probe  
  70  6:34  Dark Templar  
  70  6:39  Probe  
  70  6:41  Probe  
  70  6:44  Stalker  
  70  6:45  Probe  
  74  6:51  Gateway, Probe  
  74  6:52  Stalker  
  74  6:53  Probe  
  74  6:54  Gateway  
  78  6:56  Stalker  
  78  6:57  Probe  
  78  6:59  Pylon  
  81  7:03  Archon x2  
  81  7:04  Probe  
  81  7:05  Zealot, Probe  
  81  7:09  Probe  
  81  7:14  Stalker x3  
  84  7:16  Probe  
  84  7:19  Stalker x2  
  84  7:20  Charge (Chrono Boost)  
  89  7:26  Pylon  
  89  7:27  Photon Cannon  
  89  7:35  Archon  
  89  7:42  Zealot x3  
  93  7:46  Stalker x3  
  93  7:51  Zealot  
  97  8:06  Stalker x2  
  97  8:09  Pylon  
  97  8:11  Pylon  
  97  8:12  Pylon  
  97  8:15  Photon Cannon  
  97  8:17  Pylon  
  97  8:19  Photon Cannon  
  97  8:24  Stalker, Assimilator  
  97  8:25  Assimilator, Stalker  
  101  8:33  Stalker x2  
  105  8:35  Nexus  
  105  8:37  Stalker x2, Pylon  
  104  8:53  Dark Templar  
  104  8:55  Probe x2  
  94  9:01  Zealot x6  
  98  9:10  Probe  
  98  9:14  Probe  
  98  9:15  Stalker  
  100  9:19  Probe  
  86  9:24  Zealot  
Show
View Real Time Build Order
Export as new Build Order

Elazer Zerg - Winner!

Build Orders: Hatch First 

Get SALT Encoding   

  12  0:00  Drone  
  13  0:12  Overlord  
  13  0:16  Drone  
  14  0:30  Drone x2  
  16  0:47  Hatchery  
  15  0:50  Drone  
  15  0:54  Drone  
  17  0:58  Drone  
  18  1:10  Extractor  
  17  1:12  Spawning Pool  
  17  1:16  Drone  
  17  1:19  Drone  
  18  1:28  Drone  
  19  1:38  Drone  
  20  1:49  Drone  
  21  1:59  Queen x2  
  21  2:00  Zergling x2, Overlord  
  26  2:10  Drone x2  
  26  2:12  Metabolic Boost  
  28  2:23  Drone x2  
  30  2:32  Hatchery  
  30  2:35  Drone  
  30  2:40  Queen  
  32  2:44  Drone  
  32  2:47  Overlord  
  33  2:52  Drone  
  33  2:54  Drone x2  
  36  3:04  Queen, Overlord  
  38  3:07  Drone x2  
  38  3:11  Drone  
  41  3:13  Drone  
  41  3:17  Queen  
  44  3:22  Spore Crawler  
  44  3:25  Drone  
  44  3:26  Drone x2  
  46  3:33  Drone  
  47  3:37  Drone x3  
  50  3:43  Overlord  
  50  3:45  Queen, Drone x2  
  54  3:48  Drone x3  
  54  3:51  Drone  
  54  3:53  Overlord  
  58  3:58  Roach Warren  
  58  4:02  Zergling x6  
  60  4:08  Zergling x2  
  61  4:10  Queen  
  61  4:13  Zergling x2  
  61  4:14  Overlord  
  64  4:18  Drone x4  
  64  4:19  Overlord  
  68  4:25  Queen  
  68  4:26  Overlord  
  69  4:32  Spore Crawler x2  
  69  4:34  Zergling x6  
  69  4:38  Zergling x8  
  72  4:47  Zergling x4  
  72  4:48  Overlord  
  72  4:56  Drone x5  
  72  4:57  Drone x2  
  75  5:00  Drone  
  76  5:09  Drone x2  
  78  5:17  Drone  
  78  5:18  Hatchery  
  76  5:22  Overlord  
  76  5:24  Lair  
  76  5:25  Extractor  
  76  5:26  Drone x9  
  82  5:31  Overlord  
  82  5:34  Zergling x2  
  82  5:38  Overlord  
  79  5:43  Zergling x4, Extractor  
  79  5:46  Zergling x2  
  79  5:49  Zergling x12  
  85  5:52  Zergling x2  
  85  5:53  Zergling x8  
  89  6:01  Extractor  
  88  6:04  Drone x3  
  91  6:15  Drone  
  91  6:16  Drone, Overlord x2  
  93  6:25  Hatchery, Overlord  
  91  6:27  Zergling x4  
  91  6:28  Zergling x12  
  91  6:31  Overseer  
  91  6:32  Overlord  
  97  6:37  Overseer  
  97  6:38  Glial Reconstitution, Overlord  
  95  6:42  Pneumatized Carapace  
  95  6:43  Roach x2  
  95  6:46  Overlord  
  99  6:47  Overseer  
  99  6:50  Roach x9  
  117  6:57  Overlord  
  117  7:03  Drone  
  117  7:05  Hatchery, Overlord  
  115  7:09  Roach x2  
  115  7:15  Overlord  
  117  7:20  Overlord  
  117  7:23  Roach  
  117  7:24  Roach x9  
  137  7:34  Hatchery  
  137  7:39  Zergling x6  
  137  7:43  Baneling Nest  
  139  7:50  Overlord x2  
  137  7:51  Zergling x10  
  137  7:52  Zergling x6  
  137  7:57  Zergling x4  
  139  8:07  Zergling x6  
  139  8:12  Zergling x14  
  149  8:20  Zergling x10  
  149  8:21  Zergling x2  
  149  8:26  Baneling x3  
  149  8:27  Baneling x21  
  155  8:28  Zergling x4  
  155  8:30  Baneling x4  
  154  8:43  Zergling x22  
  159  8:50  Overseer  
  159  8:55  Zergling x14  
  153  9:02  Zergling x6  
  154  9:08  Zergling x18  
  160  9:16  Zergling x16  
Tags
 
Add a new tag
Caveats
  • Supply blocks, unpowered buildings, or Contaminate may cause inaccurate times.
  • Supply counts are checked every 10 seconds.